[Event "EYCC 2017"]
[Site "Mamaia"]
[Date "2017.09.08"]
[Round "4"]
[White "Gueci, Tea"]
[Black "Dwilewicz, Katarzyna"]
[Result "1/2-1/2"]
[ECO "C77"]
[WhiteElo "2181"]
[BlackElo "1884"]
[Annotator "NA"]
[PlyCount "70"]
[EventDate "2017.??.??"]
[EventType "swiss"]
[EventCountry "ROU"]
[SourceTitle "playchess.com"]
[Source "ChessBase"]
[SourceQuality "1"]
[TimeControl "40/5400+30:1800+30"]

1. e4 e5 2. Nf3 Nc6 3. Bb5 a6 4. Ba4 Nf6 5. d3 d6 6. O-O b5 7. Bb3 Na5 8. d4 Nxb3 9. axb3 Bb7 10. dxe5 dxe5 11. Qe2 Bd6 12. Bg5 h6 13. Bh4 Qe7 14. Nbd2 c5 15. h3 g5 16. Bg3 Rg8 17. c4 b4 18. Ne1 g4 19. h4 Nh5 20. Nd3 Nf4 21. Qe3 O-O-O 22. Nxf4 exf4 23. Bxf4 Bxf4 24. Qxf4 Rxd2 25. Qxd2 Qxe4 26. f3 gxf3 27. Rf2 Qxh4 28. Qd6 fxg2 29. Qxc5+ Kb8 30. Qd6+ Ka8 31. Rxa6+ Bxa6 32. Qxa6+ Kb8 33. Qd6+ Ka8 34. Qc6+ Kb8 35. Qb5+ Kc8 1/2-1/2

[Event "EYCC 2017"]
[Site "Mamaia"]
[Date "2017.09.08"]
[Round "4"]
[White "Volovich, Vasily"]
[Black "Kucuksari, Kaan"]
[Result "0-1"]
[ECO "B10"]
[WhiteElo "2166"]
[BlackElo "2319"]
[Annotator "NA"]
[PlyCount "92"]
[EventDate "2017.??.??"]
[EventType "swiss"]
[EventCountry "ROU"]
[SourceTitle "playchess.com"]
[Source "ChessBase"]
[SourceQuality "1"]
[TimeControl "40/5400+30:1800+30"]

1. e4 c6 2. Nf3 d5 3. Nc3 Nf6 4. e5 Ne4 5. Ne2 Qb6 6. d4 e6 7. Nfg1 f6 8. f3 Ng5 9. h4 Nf7 10. f4 c5 11. c3 Nc6 12. Nf3 Bd7 13. g4 O-O-O 14. Bh3 Be7 15. Qb3 Qa6 16. Qc2 cxd4 17. cxd4 Kb8 18. O-O Nb4 19. Qd1 Ba4 20. b3 Bxb3 21. Qxb3 Qxe2 22. Bd2 Qc4 23. f5 exf5 24. gxf5 Nc6 25. Qxc4 dxc4 26. Bf4 Ka8 27. Rfd1 Nxd4 28. Nxd4 fxe5 29. Ne6 exf4 30. Nxd8 Rxd8 31. Rxd8+ Bxd8 32. Rc1 Ne5 33. Bf1 b5 34. a4 Bb6+ 35. Kg2 Be3 36. Rc2 Nd3 37. Bxd3 cxd3 38. Rc8+ Kb7 39. Rd8 bxa4 40. Rxd3 Kc6 41. h5 h6 42. Kf3 Kb5 43. Ke2 Kb4 44. Kd1 a3 45. Kc2 a2 46. Rb3+ Ka4 0-1

[Event "EYCC 2017"]
[Site "Mamaia"]
[Date "2017.09.08"]
[Round "4"]
[White "Beydullayeva, Govhar"]
[Black "Esadze, Tamari"]
[Result "1-0"]
[ECO "D37"]
[WhiteElo "2164"]
[BlackElo "1863"]
[Annotator "NA"]
[PlyCount "93"]
[EventDate "2017.??.??"]
[EventType "swiss"]
[EventCountry "ROU"]
[SourceTitle "playchess.com"]
[Source "ChessBase"]
[SourceQuality "1"]
[TimeControl "40/5400+30:1800+30"]

1. Nf3 d5 2. d4 Nf6 3. c4 e6 4. Nc3 Be7 5. Bf4 O-O 6. e3 Nbd7 7. Qc2 dxc4 8. Bxc4 a6 9. a4 h6 10. e4 Nb6 11. Bb3 Nh7 12. Rd1 c6 13. O-O Ng5 14. Ne5 Bd6 15. a5 Bxe5 16. Bxe5 Nd7 17. Bd6 Re8 18. f4 Nh7 19. Bb4 Ndf6 20. Na4 Ng4 21. Qd3 h5 22. Nb6 Rb8 23. e5 Bd7 24. Bd6 Rc8 25. Nxc8 Bxc8 26. Bb4 Qh4 27. h3 Nh6 28. Be1 Qd8 29. Qf3 Nf5 30. Bc2 g6 31. b4 Qc7 32. g4 hxg4 33. hxg4 Ne7 34. Kg2 Kg7 35. Rh1 Rh8 36. Bh4 Ng8 37. Rh3 Qd7 38. Be4 Kf8 39. Qe3 Kg7 40. Rdh1 Qe8 41. Qf2 Qf8 42. Bf6+ Ngxf6 43. exf6+ Kg8 44. Qh4 Qxb4 45. Qh6 Qd2+ 46. Kg3 Qe3+ 47. Bf3 1-0

[Event "EYCC 2017"]
[Site "Mamaia"]
[Date "2017.09.08"]
[Round "4"]
[White "Korchagina, Alena"]
[Black "Asatryan, Sona"]
[Result "1/2-1/2"]
[ECO "A05"]
[WhiteElo "2158"]
[BlackElo "2043"]
[Annotator "NA"]
[PlyCount "151"]
[EventDate "2017.??.??"]
[EventType "swiss"]
[EventCountry "ROU"]
[SourceTitle "playchess.com"]
[Source "ChessBase"]
[SourceQuality "1"]
[TimeControl "40/5400+30:1800+30"]

1. Nf3 Nf6 2. c4 b6 3. g3 Bb7 4. Bg2 e6 5. O-O Be7 6. Nc3 O-O 7. Re1 Ne4 8. Qc2 f5 9. d4 Nxc3 10. Qxc3 Bf6 11. Qb3 Nc6 12. d5 Na5 13. Qd3 c6 14. dxe6 dxe6 15. Bd2 c5 16. Bc3 Be4 17. Qxd8 Rfxd8 18. Bxf6 gxf6 19. b3 Rd6 20. Nh4 Rad8 21. Bxe4 fxe4 22. f3 exf3 23. exf3 Nc6 24. f4 Kf7 25. Nf3 Nb4 26. Re2 Rd1+ 27. Rxd1 Rxd1+ 28. Kg2 Ra1 29. a4 Rb1 30. Re3 Rb2+ 31. Kh3 Ke7 32. g4 Na2 33. f5 e5 34. g5 Nc1 35. g6 hxg6 36. fxg6 Nxb3 37. Kg4 Rg2+ 38. Kh3 Rb2 39. Kg4 Nd4 40. h4 Rg2+ 41. Kh5 Nf5 42. Re1 Rf2 43. Kg4 Ke6 44. Rg1 e4 45. Re1 e3 46. h5 Rg2+ 47. Kf4 e2 48. g7 Nh6 49. Nd2 Kf7 50. Kf3 Rg5 51. Rxe2 Rf5+ 52. Kg3 Rxh5 53. g8=Q+ Nxg8 54. Ne4 Re5 55. Kf4 Ne7 56. Rd2 Ng6+ 57. Kf3 Re7 58. Nd6+ Ke6 59. Nb5 Ne5+ 60. Kf4 Nxc4 61. Re2+ Ne5 62. Rd2 Rd7 63. Rxd7 Nxd7 64. Nxa7 Kd5 65. Ke3 Kc4 66. Nc6 Ne5 67. Ne7 Nd3 68. Nc8 Ne5 69. Nxb6+ Kb3 70. a5 c4 71. Nxc4 Kxc4 72. a6 Kd5 73. a7 Nc4+ 74. Kf4 Nb6 75. Kf5 Kd6 76. Kxf6 {[%emt 0:00:06] Ke5+} 1/2-1/2

[Event "EYCC 2017"]
[Site "Mamaia"]
[Date "2017.09.08"]
[Round "4"]
[White "Popov, Konstantin"]
[Black "Rozen, Eytan"]
[Result "1-0"]
[ECO "C78"]
[WhiteElo "2141"]
[BlackElo "1932"]
[Annotator "NA"]
[PlyCount "61"]
[EventDate "2017.??.??"]
[EventType "swiss"]
[EventCountry "ROU"]
[SourceTitle "playchess.com"]
[Source "ChessBase"]
[SourceQuality "1"]
[TimeControl "40/5400+30:1800+30"]

1. e4 e5 2. Nf3 Nc6 3. Bb5 a6 4. Ba4 Nf6 5. O-O b5 6. Bb3 Bc5 7. c3 d6 8. a4 Rb8 9. d4 Bb6 10. Na3 exd4 11. axb5 axb5 12. cxd4 b4 13. Nc2 O-O 14. Qd3 Bg4 15. Ba4 Na5 16. b3 Qe7 17. Re1 Bxf3 18. Qxf3 c6 19. Bg5 h6 20. Bh4 Qe6 21. Rad1 Bc7 22. d5 Qg4 23. Bxf6 Qxf3 24. gxf3 gxf6 25. dxc6 Rb6 26. Nd4 Ra6 27. Nf5 Kh7 28. Rc1 Re8 29. Ne3 Rg8+ 30. Kh1 Bb6 31. Nd5 1-0

[Event "EYCC 2017"]
[Site "Mamaia"]
[Date "2017.09.08"]
[Round "4"]
[White "Shafigullina, Zarina"]
[Black "Grigoryan, Arpine"]
[Result "1/2-1/2"]
[ECO "A18"]
[WhiteElo "2130"]
[BlackElo "1865"]
[Annotator "NA"]
[PlyCount "90"]
[EventDate "2017.??.??"]
[EventType "swiss"]
[EventCountry "ROU"]
[SourceTitle "playchess.com"]
[Source "ChessBase"]
[SourceQuality "1"]
[TimeControl "40/5400+30:1800+30"]

1. c4 Nf6 2. Nc3 e6 3. e4 e5 4. Nf3 Bb4 5. Qc2 Nc6 6. a3 Be7 7. Nd5 O-O 8. Bd3 d6 9. h3 Nb8 10. b4 Nxd5 11. cxd5 c6 12. Bc4 Kh8 13. g4 Nd7 14. Bb3 cxd5 15. Bxd5 Nb6 16. Bb3 Be6 17. d4 Rc8 18. Qd1 Bxb3 19. Qxb3 exd4 20. Bb2 Bf6 21. Qd3 Nc4 22. Bxd4 Ne5 23. Bxe5 Bxe5 24. Nxe5 dxe5 25. Qxd8 Rfxd8 26. O-O Rd3 27. Kg2 h6 28. Rfd1 Rcc3 29. Rxd3 Rxd3 30. Rc1 Rxa3 31. Rc7 f6 32. Rxb7 a5 33. bxa5 Rxa5 34. h4 Ra4 35. f3 Kh7 36. Kg3 Ra2 37. Rb3 Re2 38. Rd3 Kg6 39. Rd1 Kf7 40. Rd7+ Kg6 41. Ra7 Rb2 42. Ra1 Kf7 43. Re1 Ke6 44. Re3 Rc2 45. Ra3 Kf7 1/2-1/2

[Event "EYCC 2017"]
[Site "Mamaia"]
[Date "2017.09.08"]
[Round "4"]
[White "Ongut, Tamas Gunes"]
[Black "Krstulovic, Alex"]
[Result "0-1"]
[ECO "C72"]
[WhiteElo "2113"]
[BlackElo "2261"]
[Annotator "NA"]
[PlyCount "62"]
[EventDate "2017.??.??"]
[EventType "swiss"]
[EventCountry "ROU"]
[SourceTitle "playchess.com"]
[Source "ChessBase"]
[SourceQuality "1"]
[TimeControl "40/5400+30:1800+30"]

1. e4 e5 2. Nf3 Nc6 3. Bb5 a6 4. Ba4 d6 5. O-O Bd7 6. c3 Nf6 7. Re1 g6 8. d4 b5 9. Bb3 Bg7 10. Nbd2 O-O 11. dxe5 Nxe5 12. Nxe5 dxe5 13. Qe2 Bc6 14. Bc2 Nd7 15. Rd1 Qe7 16. Nf1 Nb6 17. b3 f5 18. exf5 gxf5 19. Ng3 e4 20. Nh5 Nd5 21. Bb2 Bxc3 22. Bd3 Qf7 23. Bxe4 fxe4 24. Rxd5 Bxd5 25. Bxc3 Qg6 26. Qd2 Qxh5 27. Qd4 Kf7 28. Qg7+ Ke8 29. f3 Qf7 30. Qe5+ Qe6 31. Qh5+ Kd7 0-1

[Event "EYCC 2017"]
[Site "Mamaia"]
[Date "2017.09.08"]
[Round "4"]
[White "Gombocz, Ferenc Jr"]
[Black "Petkov, Momchil"]
[Result "1-0"]
[ECO "A30"]
[WhiteElo "2106"]
[BlackElo "1920"]
[Annotator "NA"]
[PlyCount "105"]
[EventDate "2017.??.??"]
[EventType "swiss"]
[EventCountry "ROU"]
[SourceTitle "playchess.com"]
[Source "ChessBase"]
[SourceQuality "1"]
[TimeControl "40/5400+30:1800+30"]

1. c4 c5 2. g3 Nf6 3. Bg2 e6 4. Nf3 Nc6 5. O-O Be7 6. Nc3 O-O 7. d4 cxd4 8. Nxd4 a6 9. Bf4 Nxd4 10. Qxd4 d6 11. Qd2 Qc7 12. Rfd1 Rd8 13. Rac1 e5 14. Bg5 Be6 15. Nd5 Bxd5 16. cxd5 Qd7 17. Rc2 Rdc8 18. Rdc1 Rxc2 19. Qxc2 Nxd5 20. Bd2 Nf6 21. Qc7 Bf8 22. Qxd7 Nxd7 23. Rc7 Nc5 24. b4 Ne6 25. Rxb7 Rc8 26. Be4 a5 27. bxa5 Nc5 28. Rb4 Nxe4 29. Rxe4 Ra8 30. Rc4 Ra6 31. Rc8 f6 32. e4 Kf7 33. Kf1 Be7 34. Ke2 Ke6 35. Kd3 Kd7 36. Rg8 Bd8 37. Kc4 Rc6+ 38. Kb3 Ra6 39. Rxg7+ Kc6 40. Ka4 h5 41. f3 Bc7 42. h4 Ra8 43. g4 Rh8 44. Be1 hxg4 45. fxg4 Rb8 46. Bb4 Rd8 47. h5 d5 48. exd5+ Rxd5 49. h6 Rd8 50. h7 Rh8 51. a6 e4 52. a7 f5 53. Rg8 1-0

[Event "EYCC 2017"]
[Site "Mamaia"]
[Date "2017.09.08"]
[Round "4"]
[White "Mammadov, Sadig"]
[Black "Katopodis, Dimitrios"]
[Result "1-0"]
[ECO "C65"]
[WhiteElo "2099"]
[BlackElo "2210"]
[Annotator "NA"]
[PlyCount "105"]
[EventDate "2017.??.??"]
[EventType "swiss"]
[EventCountry "ROU"]
[SourceTitle "playchess.com"]
[Source "ChessBase"]
[SourceQuality "1"]
[TimeControl "40/5400+30:1800+30"]

1. e4 e5 2. Nf3 Nc6 3. Bb5 Nf6 4. d3 Bc5 5. O-O Nd4 6. Nxd4 Bxd4 7. c3 Bb6 8. Nd2 c6 9. Ba4 O-O 10. Nc4 Bc7 11. Bc2 d5 12. Ne3 Be6 13. Qf3 Qd7 14. h3 d4 15. Nf5 Bxf5 16. exf5 Nd5 17. Re1 dxc3 18. bxc3 Ba5 19. Bb2 Bxc3 20. Bxc3 Nxc3 21. f6 g6 22. Rxe5 Nd5 23. Rae1 Qd6 24. Bb3 Nxf6 25. Re7 Rab8 26. Qe3 Nd5 27. Qd4 Qxe7 28. Rxe7 Nxe7 29. Qxa7 Rfd8 30. h4 h5 31. f3 Nf5 32. Kf2 Nd4 33. Bc4 Nb5 34. Qc5 Nd6 35. Bb3 Rd7 36. g4 hxg4 37. fxg4 Re8 38. h5 Kh7 39. a4 Ree7 40. Qg5 Re8 41. Qf6 c5 42. g5 Ree7 43. a5 Ne8 44. hxg6+ fxg6 45. Qf8 Rg7 46. Qxe8 Rxd3 47. Bc4 Rd4 48. Qe6 Rf4+ 49. Kg3 Rf5 50. Kg4 Rf2 51. Qd5 Rh2 52. Kg3 Rh5 53. Be2 1-0

[Event "EYCC 2017"]
[Site "Mamaia"]
[Date "2017.09.08"]
[Round "4"]
[White "Tsaruk, Maksim"]
[Black "Radojicic, Aleksandar M"]
[Result "1/2-1/2"]
[ECO "B23"]
[WhiteElo "2060"]
[BlackElo "1909"]
[Annotator "NA"]
[PlyCount "51"]
[EventDate "2017.??.??"]
[EventType "swiss"]
[EventCountry "ROU"]
[SourceTitle "playchess.com"]
[Source "ChessBase"]
[SourceQuality "1"]
[TimeControl "40/5400+30:1800+30"]

1. e4 c5 2. Nc3 a6 3. a4 Nc6 4. g3 g6 5. Bg2 Bg7 6. Nge2 d6 7. d3 e6 8. Be3 Nd4 9. O-O Ne7 10. f4 Rb8 11. Bxd4 cxd4 12. Nb1 O-O 13. Nd2 Qc7 14. Nf3 Nc6 15. Kh1 e5 16. c3 Qb6 17. cxd4 exd4 18. Qd2 h6 19. Ne1 Na5 20. Nc1 f5 21. b4 Nc6 22. Rb1 Be6 23. Nc2 Rfd8 24. Ne2 Kh7 25. Rfc1 Rdc8 26. Na3 1/2-1/2

[Event "EYCC 2017"]
[Site "Mamaia"]
[Date "2017.09.08"]
[Round "4"]
[White "Berdnyk, Mariia"]
[Black "Bulatova, Kamaliya"]
[Result "1-0"]
[ECO "B87"]
[WhiteElo "2055"]
[BlackElo "2014"]
[Annotator "NA"]
[PlyCount "79"]
[EventDate "2017.??.??"]
[EventType "swiss"]
[EventCountry "ROU"]
[SourceTitle "playchess.com"]
[Source "ChessBase"]
[SourceQuality "1"]
[TimeControl "40/5400+30:1800+30"]

1. e4 c5 2. Nf3 d6 3. d4 cxd4 4. Nxd4 Nf6 5. Nc3 a6 6. Bc4 e6 7. Bb3 b5 8. O-O Be7 9. Qf3 Qc7 10. Qg3 O-O 11. Bh6 Ne8 12. Rad1 Bd7 13. Rfe1 Nc6 14. Nce2 Kh8 15. Bg5 Bxg5 16. Qxg5 Nf6 17. Ng3 h6 18. Qd2 Rfd8 19. Re3 Qb6 20. Nf3 a5 21. a3 Bc8 22. Rd3 Ba6 23. Qf4 a4 24. Ba2 b4 25. Rxd6 bxa3 26. b3 Rxd6 27. Rxd6 Qc5 28. e5 Ne8 29. Rd2 Qc3 30. h3 Ra7 31. Kh2 Nb4 32. Rd8 Re7 33. Rxe8+ Rxe8 34. Qxf7 Rg8 35. Nh4 Qxc2 36. Ng6+ Kh7 37. Ne7 Qc8 38. Nxc8 Bxc8 39. Bb1+ Kh8 40. Qg6 1-0

[Event "EYCC 2017"]
[Site "Mamaia"]
[Date "2017.09.08"]
[Round "4"]
[White "Sucikova, Svetlana"]
[Black "Olde, Margareth"]
[Result "1/2-1/2"]
[ECO "A05"]
[WhiteElo "2055"]
[BlackElo "2161"]
[Annotator "NA"]
[PlyCount "85"]
[EventDate "2017.??.??"]
[EventType "swiss"]
[EventCountry "ROU"]
[SourceTitle "playchess.com"]
[Source "ChessBase"]
[SourceQuality "1"]
[TimeControl "40/5400+30:1800+30"]

1. Nf3 Nf6 2. g3 d5 3. d4 e6 4. Bg2 Be7 5. O-O O-O 6. c4 dxc4 7. Qc2 a6 8. Qxc4 b5 9. Qc2 Bb7 10. Bf4 Bd6 11. Bxd6 Qxd6 12. Nbd2 Nc6 13. Nb3 Nb4 14. Qc5 Bd5 15. a3 Nc6 16. Qc3 Rac8 17. Rfd1 b4 18. axb4 Ne4 19. Qe3 Nxb4 20. Rdc1 Nf6 21. Nc5 Qb6 22. Qa3 Ra8 23. Ne5 Bxg2 24. Kxg2 Rfd8 25. Rc4 a5 26. Qf3 Nbd5 27. b3 Qb5 28. g4 h6 29. e3 Nb6 30. Rc2 Rf8 31. Rca2 Nfd5 32. Ned3 Nb4 33. Nxb4 Qxb4 34. Qc6 Ra7 35. h3 Nd5 36. Qa4 Qc3 37. Qc4 Qxc4 38. bxc4 Nb6 39. Rxa5 Rxa5 40. Rxa5 Nxc4 41. Ra7 Rc8 42. Na6 c6 43. Nc5 1/2-1/2

[Event "EYCC 2017"]
[Site "Mamaia"]
[Date "2017.09.08"]
[Round "4"]
[White "Krasteva, Beloslava"]
[Black "Eizaguerri Floris, Maria"]
[Result "1/2-1/2"]
[ECO "D35"]
[WhiteElo "2048"]
[BlackElo "2098"]
[Annotator "NA RC"]
[PlyCount "211"]
[EventDate "2017.??.??"]
[EventType "swiss"]
[EventCountry "ROU"]
[SourceTitle "playchess.com"]
[Source "ChessBase"]
[SourceQuality "1"]
[TimeControl "40/5400+30:1800+30"]

1. d4 d5 2. c4 e6 3. Nc3 Nf6 4. cxd5 exd5 5. Bg5 Bb4 6. e3 Nbd7 7. Bd3 c5 8. Nge2 O-O 9. O-O c4 10. Bc2 Nb6 11. f3 Bd6 12. Qe1 h6 13. Bf4 Re8 14. Qf2 Bxf4 15. Nxf4 Qd6 16. Rad1 Bd7 17. Nfe2 Re7 18. Ng3 Rae8 19. e4 dxe4 20. fxe4 Ng4 21. Qd2 h5 22. e5 Qh6 23. Qxh6 Nxh6 24. Rf4 Bg4 25. Rdf1 h4 26. Nge4 h3 27. Nd6 hxg2 28. Kxg2 Rd8 29. Be4 g6 30. Nd5 Nxd5 31. Bxd5 Be6 32. Bxe6 fxe6 33. Rc1 b5 34. Nxb5 Rb7 35. Nd6 Rxb2+ 36. Rf2 Rb4 37. Rf6 Nf5 38. Rxg6+ Kh7 39. Rxe6 Rg8+ 40. Kh1 Nxd4 41. Re7+ Kh6 42. Rf7 Ne2 43. Re1 c3 44. Nf5+ Kh5 45. Ne7 Re4 46. Nxg8 Ng3+ 47. Kg2 Rxe1 48. Rc7 Nf5 49. Rxc3 Rxe5 50. Nf6+ Kg6 51. Ng4 Re2+ 52. Kf3 Rxa2 53. h3 Kg5 54. Rc5 Kg6 55. Rc6+ Kf7 56. Rf6+ Kg7 57. Rxf5 Ra3+ 58. Ne3 Kg6 59. Rc5 a5 60. h4 a4 61. Ra5 Ra1 62. Nc4 Rf1+ 63. Kg3 Rg1+ 64. Kh3 Rh1+ 65. Kg4 Rg1+ 66. Kf3 Rf1+ 67. Kg2 Ra1 68. Kh2 Kh6 69. Kg2 Kg6 70. Nb6 a3 71. Nc4 a2 72. Nd2 Kh6 73. Kf2 Rh1 74. Rxa2 Rxh4 75. Kg3 Rb4 76. Ra1 Kg6 77. Rf1 Rd4 78. Nf3 Ra4 79. Ne5+ Kg5 80. Nf7+ Kg6 81. Ne5+ Kg5 82. Rf8 Ra3+ 83. Nf3+ Kg6 84. Kf4 Ra4+ 85. Ke5 Ra5+ 86. Ke4 Kg7 87. Rf4 Ra4+ 88. Nd4 Ra5 89. Rf2 Kg6 90. Ne6 Rb5 91. Nc7 Ra5 92. Nd5 Ra1 93. Ke5 Re1+ 94. Kd4 Rd1+ 95. Ke4 Re1+ 96. Ne3 Ra1 97. Rg2+ Kf6 98. Nd5+ Ke6 99. Rg6+ Kd7 100. Rg7+ Ke6 101. Rg6+ Kd7 102. Ne3 Re1 103. Kd4 Ra1 104. Nc4 Rd1+ 105. Kc5 Rc1 106. Kd5 1/2-1/2

[Event "EYCC 2017"]
[Site "Mamaia"]
[Date "2017.09.08"]
[Round "4"]
[White "Vozinaki, Anthi - Maria"]
[Black "Cvitan, Ena"]
[Result "0-1"]
[ECO "B18"]
[WhiteElo "2040"]
[BlackElo "2270"]
[Annotator "NA"]
[PlyCount "106"]
[EventDate "2017.??.??"]
[EventType "swiss"]
[EventCountry "ROU"]
[SourceTitle "playchess.com"]
[Source "ChessBase"]
[SourceQuality "1"]
[TimeControl "40/5400+30:1800+30"]

1. e4 c6 2. d4 d5 3. Nc3 dxe4 4. Nxe4 Bf5 5. Ng3 Bg6 6. Nh3 Nf6 7. Nf4 Nbd7 8. h4 e5 9. Nxg6 hxg6 10. dxe5 Qa5+ 11. Bd2 Qxe5+ 12. Qe2 Bc5 13. b4 Bd6 14. a3 O-O 15. Qxe5 Bxe5 16. Rd1 Rfe8 17. Be2 Bxg3 18. fxg3 Ne4 19. Rh3 Ndf6 20. Kf1 Rad8 21. Bf4 Nd5 22. Bf3 Nxg3+ 23. Rxg3 Nxf4 24. Rxd8 Rxd8 25. Rg4 Ne6 26. Rc4 Rd4 27. Be2 Rxc4 28. Bxc4 Nd4 29. Bd3 Nf5 30. Kf2 Nxh4 31. g4 g5 32. Be4 Kf8 33. b5 cxb5 34. Bxb7 a5 35. c3 Ng6 36. Ba6 Ne5 37. Kg3 Ke7 38. Bxb5 Kd6 39. a4 g6 40. Be2 f5 41. gxf5 gxf5 42. Kf2 f4 43. Bb5 g4 44. Ba6 Kd5 45. Bf1 Ke4 46. Ba6 Nd3+ 47. Kg2 f3+ 48. Kg3 Nc5 49. Bb5 Kf5 50. Bc6 Ne4+ 51. Kh2 Kf4 52. c4 g3+ 53. Kg1 Nd2 0-1

[Event "EYCC 2017"]
[Site "Mamaia"]
[Date "2017.09.08"]
[Round "4"]
[White "Szucs, Edina"]
[Black "Diakonova, Ekaterina"]
[Result "1/2-1/2"]
[ECO "B12"]
[WhiteElo "2023"]
[BlackElo "2276"]
[Annotator "NA"]
[PlyCount "83"]
[EventDate "2017.??.??"]
[EventType "swiss"]
[EventCountry "ROU"]
[SourceTitle "playchess.com"]
[Source "ChessBase"]
[SourceQuality "1"]
[TimeControl "40/5400+30:1800+30"]

1. e4 c6 2. d4 d5 3. e5 Bf5 4. Nf3 e6 5. Be2 c5 6. c4 dxc4 7. Nc3 Nc6 8. Be3 cxd4 9. Nxd4 Nxd4 10. Qxd4 Qxd4 11. Bxd4 Bb4 12. Bxc4 Ne7 13. O-O-O a6 14. a3 Bxc3 15. Bxc3 Rc8 16. Bb3 Be4 17. f3 Bd5 18. Bc2 h5 19. Rd2 h4 20. h3 Rh5 21. Kb1 Nc6 22. f4 Rd8 23. Rhd1 Ke7 24. a4 b5 25. b4 Rb8 26. a5 Rhh8 27. Kb2 Rb7 28. Bb3 Bc4 29. Rd6 Rc8 30. Be1 g5 31. fxg5 Nxe5 32. Bxh4 Rbc7 33. Rxa6 Bxb3 34. Kxb3 Rc3+ 35. Kb2 Nd3+ 36. Kb1 Rb3+ 37. Ka2 Rb2+ 38. Ka1 Rcc2 39. g6+ f6 40. Ra7+ Ke8 41. Rxd3 Ra2+ 42. Kb1 1/2-1/2

[Event "EYCC 2017"]
[Site "Mamaia"]
[Date "2017.09.08"]
[Round "4"]
[White "Ciocan, Maria-Alexandra"]
[Black "Antova, Gabriela"]
[Result "0-1"]
[ECO "A08"]
[WhiteElo "2015"]
[BlackElo "2256"]
[Annotator "NA"]
[PlyCount "101"]
[EventDate "2017.??.??"]
[EventType "swiss"]
[EventCountry "ROU"]
[SourceTitle "playchess.com"]
[Source "ChessBase"]
[SourceQuality "1"]
[TimeControl "40/5400+30:1800+30"]

1. Nf3 d5 2. g3 c5 3. Bg2 Nc6 4. O-O e5 5. d3 Nf6 6. e4 Be7 7. Nbd2 O-O 8. exd5 Nxd5 9. Re1 f6 10. c3 Kh8 11. Nh4 Be6 12. f4 Qd7 13. f5 Bf7 14. Be4 Rfe8 15. Qf3 Rad8 16. Nc4 b5 17. Ne3 Na5 18. Ng6+ Kg8 19. Nxe7+ Rxe7 20. Bd2 c4 21. d4 Nc6 22. a4 a6 23. axb5 axb5 24. Ra6 Nb8 25. Nxd5 Nxa6 26. Nxe7+ Qxe7 27. Bc6 Nc7 28. Bf4 Nd5 29. Bd2 Qa7 30. Bxb5 exd4 31. Qf2 Qc5 32. Ba4 Qa5 33. Bd1 d3 34. Bf3 Qb5 35. Bc1 Nb6 36. g4 Nd7 37. h3 Ne5 38. Bg2 d2 39. Bxd2 Nd3 40. Qf1 Nxe1 41. Qxe1 Qxb2 42. Bf4 Qc2 43. Bf3 Re8 44. Qa1 Qd3 45. Bc6 Rd8 46. Qa5 h5 47. Kh2 Qe2+ 48. Bg2 Rd3 49. g5 fxg5 50. Qa8+ Kh7 51. Qc6 0-1

[Event "EYCC 2017"]
[Site "Mamaia"]
[Date "2017.09.08"]
[Round "4"]
[White "Zotova, Anastasia"]
[Black "Redondo Benavente, Ana"]
[Result "1-0"]
[ECO "C47"]
[WhiteElo "2009"]
[BlackElo "2087"]
[Annotator "NA"]
[PlyCount "77"]
[EventDate "2017.??.??"]
[EventType "swiss"]
[EventCountry "ROU"]
[SourceTitle "playchess.com"]
[Source "ChessBase"]
[SourceQuality "1"]
[TimeControl "40/5400+30:1800+30"]

1. e4 e5 2. Nf3 Nc6 3. Nc3 Nf6 4. Be2 Bb4 5. Nd5 Bd6 6. Nxf6+ Qxf6 7. O-O O-O 8. c3 Re8 9. d3 h6 10. Ne1 Bc5 11. Nc2 d6 12. Kh1 Qe7 13. f4 exf4 14. d4 Bb6 15. Rxf4 d5 16. e5 Nd8 17. Ne3 c6 18. Qe1 Bc7 19. Bg4 Ne6 20. Rf1 Ng5 21. Bxc8 Raxc8 22. Nf5 Qe6 23. Qg3 Qg6 24. Nh4 Qh5 25. Bxg5 hxg5 26. Nf5 Re6 27. Rae1 Rce8 28. Nd6 Bxd6 29. exd6 Rxe1 30. Rxe1 Rd8 31. Kg1 Qg6 32. d7 Kf8 33. Qc7 Qf6 34. Qc8 g6 35. Re8+ Kg7 36. Qxd8 Qf5 37. Rg8+ Kh7 38. Rh8+ Kg7 39. Qf8+ 1-0

[Event "EYCC 2017"]
[Site "Mamaia"]
[Date "2017.09.08"]
[Round "4"]
[White "Miroshnik, Ekaterina"]
[Black "Mkrtchyan, Mariam"]
[Result "0-1"]
[ECO "E19"]
[WhiteElo "2006"]
[BlackElo "1794"]
[Annotator "NA"]
[PlyCount "134"]
[EventDate "2017.??.??"]
[EventType "swiss"]
[EventCountry "ROU"]
[SourceTitle "playchess.com"]
[Source "ChessBase"]
[SourceQuality "1"]
[TimeControl "40/5400+30:1800+30"]

1. d4 Nf6 2. c4 e6 3. Nf3 b6 4. g3 Bb7 5. Bg2 Be7 6. O-O O-O 7. Nc3 Ne4 8. Qc2 Nxc3 9. Qxc3 f5 10. Rd1 d6 11. b4 Nd7 12. Ng5 Bxg5 13. Bxb7 Rb8 14. Bxg5 Qxg5 15. f4 Qe7 16. Bc6 Nf6 17. b5 d5 18. Rab1 Qd6 19. Qc2 Ne4 20. Rbc1 a5 21. cxd5 exd5 22. Qb3 Rfd8 23. Rd3 Kh8 24. Rf1 Qe6 25. Re3 Rd6 26. Qd3 Qg6 27. Kg2 Qh5 28. Rh1 Rf8 29. Bb7 Rb8 30. Bc6 Rg8 31. h4 Qf7 32. Qc2 g6 33. Bb7 Rb8 34. Ba6 Rd7 35. Rc1 Nd6 36. Qd3 Nc4 37. Re5 Nxe5 38. dxe5 d4 39. Qc4 Qxc4 40. Rxc4 Kg8 41. h5 gxh5 42. Rc6 Rbd8 43. Kh3 Rg7 44. Rf6 d3 45. exd3 Rxd3 46. Rxf5 Rdxg3+ 47. Kh2 Rg2+ 48. Kh1 Rg1+ 49. Kh2 R1g2+ 50. Kh1 R2g4 51. Rxh5 Rxf4 52. Bb7 Kf8 53. e6 Ke7 54. Bc8 Ra4 55. Rh2 Rb4 56. Rh5 Rb2 57. Rd5 Rxa2 58. Rd7+ Kf6 59. Rd5 Ra4 60. Rh5 Rd4 61. Kh2 a4 62. e7 Kxe7 63. Re5+ Kd6 64. Re3 Rh4+ 65. Bh3 Kc5 66. Rc3+ Kxb5 67. Rc5+ Kxc5 0-1

[Event "EYCC 2017"]
[Site "Mamaia"]
[Date "2017.09.08"]
[Round "4"]
[White "Lazavik, Denis"]
[Black "Suleymanli, Aydin"]
[Result "0-1"]
[ECO "D14"]
[WhiteElo "1989"]
[BlackElo "2351"]
[Annotator "NA"]
[PlyCount "76"]
[EventDate "2017.??.??"]
[EventType "swiss"]
[EventCountry "ROU"]
[SourceTitle "playchess.com"]
[Source "ChessBase"]
[SourceQuality "1"]
[TimeControl "40/5400+30:1800+30"]

1. d4 d5 2. c4 c6 3. cxd5 cxd5 4. Nc3 Nc6 5. Nf3 Nf6 6. Bf4 Bf5 7. e3 e6 8. Bb5 Bd6 9. Ne5 Rc8 10. Qa4 Bxe5 11. dxe5 Nd7 12. O-O a6 13. Bxc6 Rxc6 14. Rfd1 Rc4 15. Qa3 g5 16. Bg3 h5 17. f3 Qe7 18. Qb3 h4 19. Be1 Nxe5 20. Nxd5 exd5 21. Rxd5 b5 22. a4 Bc2 23. Qa3 b4 24. Bxb4 Qxb4 25. Rxe5+ Kd7 26. Qa2 f6 27. Rd5+ Ke7 28. Rd4 Rxd4 29. exd4 Qxd4+ 30. Kh1 h3 31. Re1+ Kf8 32. Qe6 hxg2+ 33. Kxg2 Kg7 34. Qxa6 Rxh2+ 35. Kxh2 Qf2+ 36. Kh1 Qxf3+ 37. Kg1 Qg3+ 38. Kh1 Qxe1+ 0-1